 Dungeon Crawl Stone Soup version 0.17.2-1-ge4368a0 (webtiles) character file.

290623 Goblin1989 the Wrestler (level 21, -26/191 HPs)
             Began as a Ghoul Fighter on Nov 26, 2016.
             Was the Champion of Okawaru.
             Killed from afar by a titan (45 damage)
             ... with a bolt of lightning
             ... on level 4 of the Vaults.
             The game lasted 03:28:26 (40649 turns).

Goblin1989 the Wrestler (Ghoul Fighter)            Turns: 40649, Time: 03:28:26

Health: -26/191    AC: 46    Str: 29    XL:     21   Next: 14%
Magic:  16/16      EV:  9    Int: 17    God:    Okawaru [******]
Gold:   2710       SH: 23    Dex: 18    Spells: 4 memorised, 8 levels left

rFire  + + .     SeeInvis .       - Unarmed
rCold  + . .     Clarity  .     z - +19 crystal plate armour "Jyxolik" {*Drain rPois Int+8}
rNeg   + + +     SustAt   +     K - +1 large shield {rF+}
rPois  ∞         Gourm    .     t - +0 hat of Zywe {rCorr MP-9 Int+3 Dex+10}
rElec  .         Spirit   .     Y - +0 cloak {+Inv}
rCorr  +         Warding  +     (no gloves)
rMut   .         Stasis   .     o - +1 pair of boots of Moitzeh {Str+2}
MR     ++...                    l - macabre finger necklace {Ward rN+}
Stlth  ..........               f - ring of protection from fire
                                P - ring of sustain attributes
                                m - ring of protection from magic

@: about to teleport, rotting, very resistant to hostile enchantments, extremely
unstealthy
A: rotting body, claws 1, carnivore 3, cold resistance 1, negative energy
resistance 3, slow regeneration 1, torment resistance, unbreathing
a: Heroism, Finesse, Renounce Religion, Evoke Invisibility
}: 1/15 runes: decaying


You were on level 4 of the Vaults.
You worshipped Okawaru.
Okawaru was exalted by your worship.
You were not hungry.

You visited 7 branches of the dungeon, and saw 37 of its levels.
You visited 1 bazaar.
You also visited: Sewer and Bailey.

You collected 3611 gold pieces.
You spent 901 gold pieces at shops.

Inventory:

Missiles
 e - 3 javelins of penetration (quivered)
 j - 17 javelins of returning
 Q - 3 curare-tipped needles
 X - a tomahawk of dispersal
Armour
 o - the +1 pair of boots of Moitzeh (worn) {Str+2}
   (Okawaru gifted it to you on level 14 of the Dungeon)

   It affects your strength (+2).
 t - the +0 hat of Zywe (worn) {rCorr MP-9 Int+3 Dex+10}
   (You bought it in a shop on level 2 of the Vaults)

   It affects your intelligence (+3).
   It affects your dexterity (+10).
   It affects your magic capacity (-9).
   It protects you from acid and corrosion.
 z - the +19 crystal plate armour "Jyxolik" (worn) {*Drain rPois Int+8}
   (Okawaru gifted it to you on level 4 of the Vaults)

   It affects your intelligence (+8).
   It protects you from poison.
   It causes draining when unequipped.
 K - a +1 large shield of fire resistance (worn)
 Y - a +0 cloak of invisibility (worn)
Jewellery
 c - a ring of protection from cold
 f - a ring of protection from fire (right claw)
 g - an amulet of resist corrosion
 l - the macabre finger necklace (around neck) {Ward rN+}
   (You bought it in a shop on level 4 of the Orcish Mines)

   [amulet of warding]

   It may prevent the melee attacks of summoned creatures.
   It protects you from negative energy.
 m - a ring of protection from magic (on amulet)
 s - a ring of see invisible
 P - a ring of sustain attributes (left claw)
 U - an amulet of clarity
Wands
 k - a wand of teleportation (1) {!v, @v4}
 w - a wand of teleportation (4) {!v, @v4}
 H - a wand of teleportation (2) {!v, @v4}
 J - a wand of digging (5)
 L - a wand of lightning (4)
 O - a wand of disintegration (2)
Scrolls
 a - 6 scrolls of enchant armour
 h - 3 scrolls of fear
 q - 11 scrolls of remove curse {@r2}
 v - 6 scrolls of recharging
 x - a scroll of torment
 y - 4 scrolls of fog
 A - 3 scrolls of immolation {!r}
 D - 2 scrolls of silence {!r}
 I - 2 scrolls of summoning
 M - 2 scrolls of magic mapping
 T - 7 scrolls of teleportation {!r, @r4}
Potions
 b - 3 potions of flight
 i - 24 potions of curing {@q1}
 n - a potion of ambrosia {!q}
 p - a potion of heal wounds {!q, @q2}
 u - 3 potions of haste {!q, @q3}
 G - 2 potions of resistance
 N - a potion of agility
 Z - 7 potions of might
Comestibles
 d - 17 meat rations {@e2}
 r - 9 chunks of flesh {@w0}
 C - 9 beef jerkies
 F - 3 slices of pizza
 V - a royal jelly


   Skills:
 + Level 17.0 Fighting
 + Level 14.5 Armour
 + Level 8.0 Dodging
 + Level 15.0 Shields
 - Level 22.3 Unarmed Combat
 + Level 0.2 Spellcasting
 + Level 0.6 Charms
 - Level 7.0 Invocations


You had 8 spell levels left.
You knew the following spells:

 Your Spells              Type           Power        Failure   Level  Hunger
h - Shroud of Golubria    Chrm/Tloc      #.........   100%        2    ###....
p - Phase Shift           Tloc           #.........   100%        5    ######.
y - Song of Slaying       Chrm           #.......     100%        2    ###....
R - Regeneration          Chrm/Necr      #.........   100%        3    ####...


Dungeon Overview and Level Annotations

Branches:
Dungeon (15/15)            Temple (1/1) D:5            Lair (8/8) D:9
  Swamp (4/4) Lair:6       Spider (0/4) Lair:3        Slime (0/6) Lair:6
    Orc (4/4) D:9             Elf (0/3) Orc:4        Vaults (4/5) D:14
  Crypt (0/3) Vaults:3     Depths (1/5) D:15

Altars:
Ashenzari
Cheibriados
Dithmenos
Elyvilon
Fedhas
Gozag
Kikubaaqudgha
Makhleb
Okawaru
Qazlal
Ru
Sif Muna
Vehumet
Zin
The Shining One
Beogh
Jiyva

Shops:
D:5 **   Orc:2 *   Orc:4 [((=   Vaults:2 [   Vaults:3 (

Annotations:
D:1 1 runed door
D:3 1 exclusion
D:14 1 runed door
Vaults:4 Saint Roka


Innate Abilities, Weirdness & Mutations

Your body is rotting away.
You thrive on raw meat.
You are immune to poison.
You have sharp fingernails.
You are carnivorous and can eat meat at any time.
Your flesh is cold resistant.
You are immune to negative energy.
You regenerate slowly when monsters are visible.
You are immune to unholy pain and torment.
You can survive without breathing.


Message History

Drink which item? (? for menu, Esc to quit)
Really quaff
p - 2 potions of heal wounds {!q, @q2}?
You feel much better.
The titan waves its arms in wide circles.
The air twists around and strikes you!
* * * LOW HITPOINT WARNING * * *
The ironheart preserver hits you but does no damage.
Unknown command.
Evoke which item? (* to show all) (? for menu, Esc to quit)
Really evoke
H - a wand of teleportation (3) {!v, @v4}?
Zapping:
H - a wand of teleportation (3) {!v, @v4}
Press: ? - help, Shift-Dir - straight line, f - you You feel strangely unstable.
This wand has 2 charges left.
You block the titan's attack.
The ironheart preserver hits you but does no damage.
You scratch the titan but do no damage.
The titan is severely wounded.
The titan gestures at you while chanting.
The bolt of lightning hits you!
You die...

......................█
████████████████████∆∆█
...........█
...........█
███████∆████ ...█....█
.C█....█ ███████p████∆█
.....C)@C((..█
.............█


██████████████ You could see an ironheart preserver, 2 titans and a stone giant.

Vanquished Creatures
  The ghost of DoubleRandomFirstGod the Hand of Fortune, a master HuGl of Nemelex Xobeh (Vaults:4)
  Norris (D:14)
  Nikola (Swamp:1)
  A lich (Depths:1)
  A titan (Vaults:4)
  Gastronok (Lair:2)
  A tengu reaver (Depths:1)
  5 thorn hunters
  Agnes (D:15)
  Kirke (Lair:5)
  A deep elf sorcerer (Vaults:1)
  11 vault wardens
  An orc warlord (Orc:4)
  3 frost giants
  Aizul (Vaults:1)
  Louise (D:15)
  8 ironheart preservers
  5 stone giants
  A war gargoyle (Vaults:3)
  Nessos (D:15)
  Azrael (Orc:4)
  2 deep elf death magi
  2 ettins
  Josephine (D:13)
  A fire dragon (shapeshifter) (Vaults:4)
  5 fire dragons
  A rakshasa (Vaults:2)
  9 ogre magi
  4 yaktaur captains
  A great orb of eyes (Depths:1)
  11 vault guards
  2 ice dragons
  14 centaur warriors
  22 hydras
  3 ghost crabs (Swamp:3)
  Erica (D:8)
  2 catoblepae
  2 death knights (Vaults:3)
  A queen ant (Lair:8)
  12 death yaks
  A tengu warrior (D:14)
  2 orc high priests (Orc:4)
  A deep troll earth mage (Depths:1)
  10 alligators
  Nergalle (Orc:3)
  4 deep troll shamans
  3 unseen horrors
  A large abomination (Vaults:3)
  A flayed ghost (Vaults:3)
  A small abomination (Vaults:3)
  A fire crab (shapeshifter) (Vaults:1)
  A deep troll (shapeshifter) (Vaults:2)
  A shadow wraith (Vaults:3)
  7 skeletal warriors
  5 deep trolls
  A lindwurm (Lair:8)
  A spriggan druid (Swamp:2)
  10 swamp dragons
  3 giant orange brains (Vaults:4)
  3 shambling mangroves
  5 hill giants
  7 harpies
  A necromancer (Vaults:4)
  A wizard (Vaults:1)
  2 phantasmal warriors (Vaults:4)
  4 manticores
  5 ironbrand convokers
  2 wolf spiders
  A mana viper (shapeshifter) (D:14)
  21 ugly things
  The ghost of magog001 the Nimble, a novice FeTm (D:12)
  7 griffons
  14 orc knights
  5 orc sorcerers
  4 hornets
  5 cyclopes
  2 black mambas (shapeshifter)
  Maurice (D:11)
  A cyclops (shapeshifter) (Vaults:1)
  19 spiny frogs
  21 elephants
  5 torpor snails (Lair:8)
  3 gargoyles
  8 black mambas
  5 vault sentinels
  An efreet (D:11)
  38 yaktaurs
  6 fire drakes
  A tengu conjurer (D:14)
  A redback zombie (D:15)
  4 deep elf priests
  2 komodo dragons (Lair:6)
  4 kobold demonologists
  A queen bee (shapeshifter) (Vaults:4)
  9 trolls
  2 polar bears
  7 giant leeches
  A jumping spider (Vaults:4)
  5 freezing wraiths
  20 two-headed ogres
  Prince Ribbit (D:8)
  A wind drake (shapeshifter) (Vaults:2)
  4 boulder beetles
  7 bog bodies
  41 slime creatures
  A troll (shapeshifter) (Vaults:4)
  23 blink frogs
  6 wraiths
  4 deep elf magi
  2 redbacks (Vaults:4)
  6 spriggans
  5 wyverns
  4 water elementals
  3 shadows
  A trapdoor spider (shapeshifter) (Vaults:1)
  A basilisk (shapeshifter) (D:13)
  4 hogs (Lair:5)
  6 basilisks
  2 fire elementals (Orc:4)
  15 humans
  A vampire (D:15)
  35 yaks
  19 vampire mosquitoes
  2 hungry ghosts
  3 mottled dragons
  11 wolves
  12 water moccasins
  11 insubstantial wisps
  24 swamp worms
  8 wargs
  17 hippogriffs
  6 deep elf fighters
  20 soldier ants (Lair:8)
  14 porcupines
  4 ice beasts
  19 wasps
  5 hell hounds (Orc:4)
  2 phantoms
  A tengu (shapeshifter) (Vaults:2)
  An eye of draining (shapeshifter) (Vaults:3)
  2 eyes of draining
  6 black bears
  45 ogres
  19 swamp drakes
  A necrophage (D:7)
  72 orc warriors
  11 sky beasts
  9 boggarts
  39 centaurs
  13 crocodiles
  6 big kobolds
  17 giant frogs
  5 brain worms
  A glowing shapeshifter simulacrum (Vaults:2)
  A water moccasin zombie (D:10)
  3 scorpions
  4 wights (D:15)
  3 wyvern skeletons
  33 killer bees
  2 electric eels
  3 crimson imps
  7 hounds
  3 giant frog zombies
  3 centaur zombies
  A giant frog skeleton (D:7)
  33 orc wizards
  5 centaur skeletons
  28 orc priests
  Ijyb (D:3)
  A jelly (D:10)
  Natasha (twice) (D:3)
  9 iguanas
  29 worker ants
  10 sheep
  A hound zombie (D:8)
  A hound skeleton (D:4)
  Robin (D:3)
  A worker ant zombie (D:9)
  5 gnolls
  19 adders
  66 river rats
  5 shadow imps
  An ooze (Sewer)
  An adder zombie (D:9)
  24 worms
  14 giant geckos
  208 orcs
  11 ball pythons
  17 goblins
  8 hobgoblins
  4 quokkas
  6 bats
  8 giant cockroaches
  A giant gecko skeleton (D:4)
  8 giant newts
  11 jackals
  A jackal zombie (D:7)
  17 kobolds
  28 rats
  A rat zombie (D:6)
  5 briar patches (Swamp:1)
  A bush (D:4)
  2 fire vortices (Vaults:4)
  A plant (Lair:8)
1710 creatures vanquished.

Vanquished Creatures (others)
  A salamander stormcaller (Vaults:4)
  A yaktaur captain (Vaults:4)
  An alligator (Swamp:2)
  A spriggan druid (Swamp:2)
  2 phantasmal warriors (Vaults:4)
  An ironbrand convoker (Vaults:4)
  2 yaktaurs (Vaults:4)
  A deep elf fighter (Vaults:4)
  A fire elemental (Orc:4)
  A swamp drake (Swamp:1)
  A soldier ant (shapeshifter) (Vaults:4)
  An orc warrior (Vaults:4)
  An orc (Vaults:1)
  Natasha (D:3)
  4 briar patches (Swamp:1)
  20 fungi
  17 plants
57 creatures vanquished.

Grand Total: 1767 creatures vanquished

Notes
Turn   | Place    | Note
--------------------------------------------------------------
     0 | D:1      | Goblin1989 the Ghoul Fighter began the quest for the Orb.
     0 | D:1      | Reached XP level 1. HP: 19/19 MP: 0/0
     1 | D:1      | Found a runed door.
    17 | D:1      | Iwannabefree: найс инт
    18 | D:1      | Iwannabefree: уровня среднего россиянина
    19 | D:1      | jacquesderrida: Da
    65 | D:1      | jacquesderrida: Уровня хенирени...............
    65 | D:1      | Goblin1989: так
    65 | D:1      | Goblin1989: теперь главное сусат найти
    80 | D:1      | Iwannabefree: >некроверсии
    81 | D:1      | Iwannabefree: фи
    86 | D:1      | jacquesderrida: сусат это да
    89 | D:1      | Iwannabefree: казуально
    98 | D:1      | Iwannabefree: неинтересно
   112 | D:1      | Iwannabefree: не ебут
   113 | D:1      | jacquesderrida: eeek
   132 | D:1      | Reached XP level 2. HP: 22/25 MP: 1/1
   179 | D:1      | Goblin1989: более того
   179 | D:1      | Goblin1989: я окавару возьму
   441 | D:1      | Goblin1989: кстатм я тут вики почитать успел
   441 | D:1      | Goblin1989: Правосла́вие — одно из трёх главных направлений в христианстве (наряду с католицизмом и протестантизмом)
   503 | D:1      | Reached XP level 3. HP: 26/30 MP: 2/2
   761 | D:2      | jacquesderrida: Это все понятно
   766 | D:2      | jacquesderrida: Не в этом вопрос...
   766 | D:2      | Goblin1989: а в чем суть вопроса была тогда?
   815 | D:2      | Reached skill level 4 in Unarmed Combat
   838 | D:2      | Iwannabefree: червь на анальные бусы похож
   868 | D:2      | Goblin1989: O_o
   868 | D:2      | jacquesderrida: Да хенирени хуету какую-то сморозил, из которой следовало, что все последователи православия почему-то --- христы?!
   868 | D:2      | jacquesderrida: Ну и пошло поехало!
   868 | D:2      | Goblin1989: хм
   868 | D:2      | Goblin1989: одних только староверов хуева туча
   868 | D:2      | Goblin1989: и многие из них в христа верято вроде
   868 | D:2      | jacquesderrida: Все в христа верят
   868 | D:2      | jacquesderrida: Если не учитывать тысячи всяких ебанутых ересей
   868 | D:2      | Goblin1989: ну как бы там есть особые извращенцы
   868 | D:2      | Goblin1989: да-да, я о их
   868 | D:2      | Goblin1989: ну христос это типа пророк
   868 | D:2      | Goblin1989: жизнь пи читал?
   868 | D:2      | Goblin1989: книга такая
   868 | D:2      | jacquesderrida: Я в курсе, я эти святые книжки читал
   868 | D:2      | Goblin1989: ну или ильс говорят по ней есть
   868 | D:2      | Goblin1989: фильм
   868 | D:2      | jacquesderrida: Нет, только generation пи читал :^)
   868 | D:2      | Goblin1989: ну там индийский мальчик одновременно исповедовал три религии
   868 | D:2      | Goblin1989: православие, ислам и буддизм
   868 | D:2      | Goblin1989: и объяснил эо просто - это все один и тот же бог, просто концепции разные
   888 | D:2      | Iwannabefree: посадили на три кола?
   888 | D:2      | Goblin1989: нетъ
   888 | D:2      | Goblin1989: он в аварию попал
   888 | D:2      | Goblin1989: кораблекрушение пережил
   888 | D:2      | jacquesderrida: В буддизме нет бога, ээээээ
   888 | D:2      | Goblin1989: и дрейфовал больше года на плоту
   888 | D:2      | Goblin1989: я в религиях не разбираюсь
   888 | D:2      | Goblin1989: у меня своя философия
   888 | D:2      | Goblin1989: я живу по принципу что церковь должна быть не из гвоздей и бревен, а из ребер
  1059 | D:2      | Reached XP level 4. HP: 38/38 MP: 3/3
  1508 | D:3      | Noticed Natasha
  1519 | D:3      | Killed Natasha
  1519 | D:3      | Reached skill level 5 in Unarmed Combat
  1623 | D:3      | Found a radiant altar of Vehumet.
  1646 | D:3      | Noticed Robin
  1672 | D:3      | Killed Robin
  1818 | D:3      | Noticed Natasha
  1840 | D:3      | Reached XP level 5. HP: 29/45 MP: 4/4
  1843 | D:3      | Killed Natasha
  1896 | D:3      | Noticed Ijyb
  1930 | D:3      | Killed Ijyb
  1930 | D:3      | Reached skill level 6 in Unarmed Combat
  2047 | D:3      | Killed Natasha
  2291 | D:4      | Reached XP level 6. HP: 46/51 MP: 5/5
  2462 | D:4      | Reached skill level 7 in Unarmed Combat
  2842 | D:5      | Entered Level 5 of the Dungeon
  2849 | D:5      | Found Mawer's General Store.
  2953 | D:5      | Found Ubefiejo's General Store.
  2974 | D:5      | Bought a +1 large shield of fire resistance for 181 gold pieces
  3088 | D:5      | Reached XP level 7. HP: 49/57 MP: 6/6
  3120 | D:5      | Found a staircase to the Ecumenical Temple.
  3126 | Temple   | Entered the Ecumenical Temple
  3149 | Temple   | Became a worshipper of Warmaster Okawaru
  3225 | D:5      | Found a glowing drain.
  3263 | Sewer    | Entered a sewer
  3868 | Sewer    | Reached skill level 8 in Unarmed Combat
  4306 | D:5      | Reached XP level 8. HP: 65/65 MP: 7/7
  4312 | D:5      | Reached * piety under Okawaru
  4404 | D:6      | jacquesderrida: Ниче се ты некростроитель
  4409 | D:6      | Goblin1989: лол, смысд не в этом
  4409 | D:6      | Goblin1989: какую религию придумаешь в то и верь
  4409 | D:6      | jacquesderrida: Но зачем
  4409 | D:6      | Goblin1989: только моральные нормы не переступай
  4409 | D:6      | jacquesderrida: Че за нормы
  4409 | D:6      | Goblin1989: типа людей в жертвы не давай
  4414 | D:6      | Goblin1989: не ешь их
  4527 | D:6      | Reached skill level 9 in Unarmed Combat
  4547 | D:6      | jacquesderrida: Почему?
  4547 | D:6      | Goblin1989: это моральные нормы
  4547 | D:6      | jacquesderrida: Че за нормы
  4547 | D:6      | jacquesderrida: Кем установленные?
  4547 | D:6      | Goblin1989: обществом
  4547 | D:6      | jacquesderrida: А, ну так пускай оно их и соблюдает!
  4547 | D:6      | Goblin1989: учебник обществоведения за какой-то там класс
  4547 | D:6      | Goblin1989: хехехе
  4547 | D:6      | jacquesderrida: А кто учебник написал?
  4547 | D:6      | Iwannabefree: ты че сука не часть общества?
  4547 | D:6      | jacquesderrida: NYET
  4547 | D:6      | jacquesderrida: Я -- настоящий христианин
  4547 | D:6      | Goblin1989: джей ди обосенный
  4547 | D:6      | Goblin1989: особенный
  4547 | D:6      | jacquesderrida: Делаю все как в библейке
  4669 | D:6      | Reached skill level 5 in Fighting
  4711 | D:6      | jacquesderrida: Как лот, отдаю своих дочерей на поругание толпе!
  4725 | D:6      | jacquesderrida: Как дочери лота, зачинаю детей от отца!
  4753 | D:6      | jacquesderrida: Как моисей, продаю жену свою сару в сексуальное рабство!
  4758 | D:6      | jacquesderrida: Ну и далее по списку
  4785 | D:6      | jacquesderrida: Так-то
  4799 | D:6      | Learned a level 3 spell: Regeneration
  4802 | D:6      | Learned a level 2 spell: Song of Slaying
  4805 | D:6      | Learned a level 2 spell: Shroud of Golubria
  4903 | D:6      | Reached XP level 9. HP: 61/74 MP: 8/8
  4996 | D:6      | Found an ancient bone altar of Kikubaaqudgha.
  5381 | D:7      | Reached ** piety under Okawaru
  5388 | D:7      | Reached skill level 10 in Unarmed Combat
  5409 | D:7      | Reached skill level 5 in Shields
  5498 | D:7      | Reached skill level 5 in Armour
  5798 | D:7      | Found a glowing silver altar of Zin.
  5798 | D:7      | Found a white marble altar of Elyvilon.
  5798 | D:7      | Found a glowing golden altar of the Shining One.
  6038 | D:8      | Noticed Prince Ribbit
  6048 | D:8      | Killed Prince Ribbit
  6134 | D:8      | Reached *** piety under Okawaru
  6134 | D:8      | Reached skill level 11 in Unarmed Combat
  6161 | D:8      | Reached XP level 10. HP: 77/83 MP: 9/9
  6180 | D:8      | jacquesderrida: "как моисей"
  6180 | D:8      | jacquesderrida: Я про авраама говорил!
  6180 | D:8      | jacquesderrida: :DDD
  6180 | D:8      | jacquesderrida: Моисей по речке плавал
  6527 | D:8      | Noticed Erica
  6537 | D:8      | Killed Erica
  6789 | D:8      | Reached **** piety under Okawaru
  6951 | D:8      | Found a burning altar of Makhleb.
  7150 | D:9      | Reached skill level 12 in Unarmed Combat
  7291 | D:9      | Found a staircase to the Lair.
  7299 | D:9      | Reached ***** piety under Okawaru
  7407 | D:9      | Found a staircase to the Orcish Mines.
  7433 | D:9      | Reached XP level 11. HP: 90/94 MP: 8/10
  7439 | D:9      | Received a gift from Okawaru
  7552 | D:10     | Entered Level 10 of the Dungeon
  7703 | D:10     | Noticed an ice devil
  8490 | D:10     | Noticed an unseen horror
  8505 | D:10     | Killed an unseen horror
  8505 | D:10     | Reached skill level 13 in Unarmed Combat
  9183 | Lair:1   | Entered Level 1 of the Lair of Beasts
 10531 | Lair:2   | Reached skill level 1 in Invocations
 10643 | Lair:2   | Received a gift from Okawaru
 10653 | Lair:2   | Noticed Gastronok
 10695 | Lair:2   | Killed Gastronok
 10695 | Lair:2   | Reached XP level 12. HP: 66/105 MP: 10/12
 10809 | Lair:2   | Reached skill level 14 in Unarmed Combat
 10837 | Lair:2   | Found a snail-covered altar of Cheibriados.
 10945 | Lair:3   | Received a gift from Okawaru
 11214 | Lair:3   | Reached skill level 10 in Fighting
 11527 | Lair:3   | Found a hole to the Spider Nest.
 12659 | Lair:4   | Received a gift from Okawaru
 12659 | Lair:4   | Reached XP level 13. HP: 110/113 MP: 15/15
 12788 | Lair:5   | Reached skill level 15 in Unarmed Combat
 12838 | Lair:5   | Reached skill level 5 in Invocations
 13493 | Lair:5   | Noticed Kirke
 13519 | Lair:5   | Killed Kirke
 13519 | Lair:5   | Received a gift from Okawaru
 13522 | Lair:5   | Got a distressingly furry crystal plate armour {god gift}
 13533 | Lair:5   | Identified the +4 crystal plate armour "Odo Yceh" {rF+} (Okawaru gifted it to you on level 5 of the Lair of Beasts)
 13698 | Lair:6   | jacquesderrida: Deng
 13708 | Lair:6   | jacquesderrida: C P A
 13755 | Lair:5   | jacquesderrida: Гремлин
 13757 | Lair:5   | jacquesderrida: Ты без хиро и финесса
 13759 | Lair:5   | jacquesderrida: на яков пошел...
 13796 | Lair:5   | Goblin1989: затабался
 14106 | Lair:6   | Learned a level 5 spell: Phase Shift
 14494 | Lair:6   | Found a staircase to the Slime Pits.
 14494 | Lair:6   | Found a viscous altar of Jiyva.
 14534 | Lair:6   | Found a staircase to the Swamp.
 15381 | Lair:7   | Goblin1989: вот и рмут для нежити прикатил
 15381 | Lair:7   | Goblin1989: теперь мне пожалуяста тот амуль с мр+++ и кларити
 15424 | Lair:7   | Reached skill level 16 in Unarmed Combat
 15475 | Lair:7   | Reached ****** piety under Okawaru
 15659 | Lair:7   | Reached XP level 14. HP: 119/124 MP: 14/17
 16094 | Lair:7   | Received a gift from Okawaru
 16097 | Lair:7   | Got a twisted broad axe {god gift}
 16098 | Lair:7   | Identified the +9 broad axe of Wuppyng {chop, Str+2 Int+4 Dex-3} (Okawaru gifted it to you on level 7 of the Lair of Beasts)
 16408 | Lair:8   | Entered Level 8 of the Lair of Beasts
 16436 | Lair:8   | Found an ancient bone altar of Kikubaaqudgha.
 16596 | Lair:8   | Reached skill level 10 in Armour
 16984 | Lair:8   | Found a runed door.
 17150 | Lair:8   | Received a gift from Okawaru
 17326 | Lair:8   | Reached skill level 10 in Shields
 17537 | Lair:8   | Reached skill level 17 in Unarmed Combat
 17852 | Lair:8   | Received a gift from Okawaru
 18011 | Lair:8   | Reached XP level 15. HP: 128/134 MP: 17/19
 18589 | Orc:1    | Entered Level 1 of the Orcish Mines
 19010 | Orc:2    | Found Tuacaira's General Store.
 19086 | Orc:2    | Found a flagged portal.
 19095 | Bailey   | Entered a bailey
 19765 | Bailey   | Got a translucent emerald amulet
 19771 | Bailey   | Identified the amulet "Pusaeg" {Ward rN+ MP+9 Slay+3 SInv} (You found it in a bailey)
 20765 | Orc:3    | Noticed Nergalle
 20778 | Orc:3    | Killed Nergalle
 20957 | Orc:4    | Entered Level 4 of the Orcish Mines
 20957 | Orc:4    | Found a staircase to the Elven Halls.
 21014 | Orc:4    | Found a roughly hewn altar of Beogh.
 21020 | Orc:4    | Received a gift from Okawaru
 21277 | Orc:4    | Noticed Azrael
 21318 | Orc:4    | Killed Azrael
 21739 | Orc:4    | Found a roughly hewn altar of Beogh.
 21769 | Orc:4    | Found a roughly hewn altar of Beogh.
 21840 | Orc:4    | Found a roughly hewn altar of Beogh.
 21842 | Orc:4    | Found Qaqaruni's Jewellery Emporium.
 22064 | Orc:4    | Found a roughly hewn altar of Beogh.
 22151 | Orc:4    | Reached skill level 18 in Unarmed Combat
 22344 | Orc:4    | Found Gokaj's Antique Armour Emporium.
 22358 | Orc:4    | Found Idiuv's Antique Weapon Shoppe.
 22359 | Orc:4    | Found a roughly hewn altar of Beogh.
 22371 | Orc:4    | Bought an embroidered cloak for 148 gold pieces
 22542 | Orc:4    | Found a roughly hewn altar of Beogh.
 22554 | Orc:4    | Found Atyfyalo's Weapon Shoppe.
 23102 | D:11     | Reached XP level 16. HP: 143/143 MP: 20/20
 23212 | D:11     | Noticed Maurice
 23217 | D:11     | Killed Maurice
 23237 | D:11     | Received a gift from Okawaru
 23666 | D:12     | Reached skill level 19 in Unarmed Combat
 23826 | D:12     | Noticed magog001's ghost (novice FeTm)
 23848 | D:12     | Killed magog001's ghost
 24536 | D:13     | jacquesderrida: hi
 24536 | D:13     | jacquesderrida: it me
 24536 | D:13     | jacquesderrida: Dampani ples
 24536 | D:13     | jacquesderrida: A vse
 24536 | D:13     | jacquesderrida: Uvidel cpa
 24536 | D:13     | jacquesderrida: OK
 24536 | D:13     | jacquesderrida: Збс амулет........
 24536 | D:13     | Goblin1989: o_O
 24536 | D:13     | jacquesderrida: o.o
 24666 | D:13     | Noticed Josephine
 24684 | D:13     | Killed Josephine
 24684 | D:13     | Reached XP level 17. HP: 140/150 MP: 21/21
 25119 | D:14     | Found a gate to the Vaults.
 25119 | D:14     | Noticed Norris
 25324 | D:14     | Found a runed door.
 25503 | D:14     | jacquesderrida: HUMAN
 25545 | D:14     | jacquesderrida: NORES
 25563 | D:14     | jacquesderrida: Pora machit, gremlen
 25566 | D:14     | Killed Norris
 25566 | D:14     | Received a gift from Okawaru
 25569 | D:14     | Got a pair of polished boots {god gift}
 25580 | D:14     | Identified the +1 pair of boots of Moitzeh {Str+2} (Okawaru gifted it to you on level 14 of the Dungeon)
 25580 | D:14     | jacquesderrida: oooo
 25583 | D:14     | jacquesderrida: MDA
 26015 | D:15     | Entered Level 15 of the Dungeon
 26339 | D:15     | Noticed Agnes
 26348 | D:15     | Killed Agnes
 26431 | D:15     | Found a staircase to the Depths.
 26793 | D:15     | Reached skill level 20 in Unarmed Combat
 26827 | D:15     | Noticed Louise
 26848 | D:15     | Killed Louise
 26882 | D:15     | Noticed Nessos
 26887 | D:15     | Killed Nessos
 27595 | Swamp:1  | Entered Level 1 of the Swamp
 27632 | Swamp:1  | jacquesderrida: Zamachili wazoozera
 27676 | Swamp:1  | Iwannabefree: da
 27677 | Swamp:1  | Iwannabefree: huetu kachal
 27682 | Swamp:1  | Iwannabefree: bte
 27687 | Swamp:1  | Iwannabefree: btw
 27687 | Swamp:1  | Iwannabefree: >Экономика СССР была мобилизационного типа[11], с крайне высоким уровнем милитаризации[12], монополизации[13], автаркии[14] и разрыва между уровнем экономического развития и уровнем личного потребления его граждан[15].
 27687 | Swamp:1  | Iwannabefree: na rashku pohozhe
 27687 | Swamp:1  | Iwannabefree: SOVSEM
 27687 | Swamp:1  | jacquesderrida: Ну, гебешник экономическое развитие ньюкнул хорошо
 27687 | Swamp:1  | jacquesderrida: Вывел страну из совка!
 27687 | Swamp:1  | jacquesderrida: "развитие"
 27687 | Swamp:1  | Goblin1989: ок, эт все не мне
 27770 | Swamp:1  | Iwannabefree: >Общественный строй, при к-ром все средства производства являются частной собственностью класса капиталистов, эксплуатирующих труд наёмных рабочих для извлечения прибыли.
 27795 | Swamp:1  | Iwannabefree: какой в совке капитализм
 27798 | Swamp:1  | Iwannabefree: алло
 27909 | Swamp:1  | Noticed Nikola
 27910 | Swamp:1  | jacquesderrida: Это на лекциях по экономике объяснят
 27934 | Swamp:1  | Killed Nikola
 28053 | Swamp:1  | jacquesderrida: Ну или просто можно сопоставить википедию и исторические данные...
 28093 | Swamp:1  | Iwannabefree: Определение капитализм
 28094 | Swamp:1  | Iwannabefree: а
 28113 | Swamp:1  | Iwannabefree: Совок не удовлетворяет ему
 28157 | Swamp:1  | Iwannabefree: в главном моменте
 28165 | Swamp:1  | jacquesderrida: Да ты заебал, это научный консенсус, что совок был государственным капитализмом
 28165 | Swamp:1  | Iwannabefree: > извлечение прибыли
 28243 | Swamp:1  | jacquesderrida: Если хочешь, чтобы удовлетворял, читай правильные определения -- госкапитализма
 28309 | Swamp:1  | Iwannabefree: прибыль
 28748 | Swamp:2  | Received a gift from Okawaru
 28777 | Swamp:2  | Iwannabefree: Да и если это научный консенсус то моя точка зрения тоже имеет право на жизнь!
 28783 | Swamp:1  | jacquesderrida: че
 28788 | Swamp:1  | jacquesderrida: Что про прибыль-то непонятно?
 28795 | Swamp:1  | jacquesderrida: Все так и было
 28809 | Swamp:1  | jacquesderrida: У государства был капитал, из которого извлекался профит
 29034 | Swamp:1  | jacquesderrida: Все нормально...
 29038 | Swamp:1  | Iwannabefree: Профит есть главная цель при капитализме
 29073 | Swamp:2  | Iwannabefree: При совке же профит не был главной целью государства
 29076 | Swamp:2  | Reached XP level 18. HP: 87/161 MP: 22/22
 29129 | Swamp:2  | jacquesderrida: А какая цель была?
 29141 | Swamp:2  | Iwannabefree: Дотации заводам чтобы обеспечить занятость, все это
 29160 | Swamp:2  | jacquesderrida: Экономическая модель -- это не про цель
 29173 | Swamp:2  | Iwannabefree: Удержать власть
 29530 | Swamp:2  | jacquesderrida: Нахуя кому-то удерживать власть? В стране однопартийная система была
 29553 | Swamp:1  | jacquesderrida: Которой де-факто принадлежали все средства производства в стране
 29553 | Swamp:1  | Iwannabefree: Нахуя тогда репрессировали несогласных?
 29565 | Swamp:2  | jacquesderrida: И которая их эксплуатировала ради получения прибыли
 29583 | Swamp:2  | Iwannabefree: Нахуя создавали видимость прекрасного и развивающегося совка?
 29619 | Swamp:2  | jacquesderrida: Идеология и экономика -- разные вещи
 29708 | Swamp:1  | jacquesderrida: Подавление инакомыслия -- одна из черт авторитарного государства
 30147 | Swamp:1  | Iwannabefree: И одно и другое идет от государства
 30187 | Swamp:2  | jacquesderrida: Никто власть у партии отнимать не собирался
 30189 | Swamp:2  | Iwannabefree: Раз государство играет роль капиталистов значит оно должно следовать тем же паттернам
 30192 | Swamp:2  | jacquesderrida: И не пробовал особо
 30197 | Swamp:2  | Reached skill level 1 in Dodging
 30298 | Swamp:2  | jacquesderrida: Никто никакую роль не играет, это не рпг
 30326 | Swamp:2  | Iwannabefree: Это определение госкапитализма
 30414 | Swamp:2  | jacquesderrida: Они это вообще социализмом называли
 30616 | Swamp:2  | jacquesderrida: Бля, небир, никто не придумывает госкапитализм, который потом выбирают себе государства
 30762 | Swamp:1  | jacquesderrida: Политология -- рефлективная наука, изучающая имеющиеся явления
 30866 | Lair:2   | Iwannabefree: Назвали говно мочей
 30936 | Orc:4    | Iwannabefree: И моча оказалась схожа с другой мочей
 30969 | Orc:4    | Iwannabefree: вот и НАУЧНЫЙ КОНСЕНСУС
 30969 | Orc:4    | Bought the macabre finger necklace {Ward rN+} for 242 gold pieces
 30971 | Orc:4    | jacquesderrida: А как ты хочешь?
 30973 | Orc:4    | Iwannabefree: Да я никак
 30973 | Orc:4    | jacquesderrida: Только так...
 30973 | Orc:4    | Iwannabefree: Мне бы пособие
 30973 | Orc:4    | Iwannabefree: Нормальную страну
 30974 | Orc:4    | Iwannabefree: Можно даже без первого
 30974 | Orc:4    | jacquesderrida: Ну так, границы-то открыты
 30974 | Orc:4    | jacquesderrida: И вряд ли уже закроют
 30974 | Orc:4    | Iwannabefree: гражданином хуй станешь
 30974 | Orc:4    | Iwannabefree: Потеть надо
 31237 | Swamp:2  | jacquesderrida: Ну дык............
 31266 | Swamp:2  | Iwannabefree: дык бля
 31334 | Swamp:3  | jacquesderrida: Зато не сомали! :DDD
 31359 | Swamp:3  | jacquesderrida: Не либерия
 31397 | Swamp:3  | Iwannabefree: Мог бы рефугисом стать и ебать ариек
 31397 | Swamp:3  | jacquesderrida: Не COUNTLESS AIDS REALMS
 31397 | Swamp:3  | Iwannabefree: Та рашка вскоре будет не лучше
 31423 | Swamp:3  | jacquesderrida: Мог бы умереть от малярии в 2 года
 31426 | Swamp:3  | Iwannabefree: жизнь дерьмо
 31436 | Swamp:3  | Iwannabefree: закончил бы без мучений
 31436 | Swamp:3  | jacquesderrida: Или быть убитым на улице в 5
 31451 | Swamp:3  | jacquesderrida: Или........
 31452 | Swamp:3  | Iwannabefree: Я и тут мог..
 31460 | Swamp:3  | jacquesderrida: В либерии жизнь без мучений не закончишь
 31473 | Swamp:3  | Iwannabefree: Если бы был поактивнее и поменьше сидел дома
 31500 | Swamp:3  | Iwannabefree: Мне и наркоту предлагали
 31503 | Swamp:3  | Iwannabefree: лет в 7
 31504 | Swamp:3  | jacquesderrida: Нет, здесь тебя на улице вряд ли зарежут ради артериальной крови
 31549 | Swamp:3  | jacquesderrida: В которой бойцы частной армии варлорда моются перед битвой
 31556 | Swamp:3  | jacquesderrida: HIGHLY UNLIKELY
 31567 | Swamp:3  | Iwannabefree: все дело в рандоме
 31632 | Swamp:3  | jacquesderrida: Что-то мне подсказывает, что социальность, экономика, уровень образования и другие факторы тоже играют роль......
 31716 | Swamp:3  | Iwannabefree: Дают некое базовое значение для рандома
 31957 | Swamp:3  | Iwannabefree: Для хорошего положительное, для плохого отрицательное
 32176 | Swamp:4  | Entered Level 4 of the Swamp
 32178 | Swamp:4  | jacquesderrida: Да при чем тут рандом
 32185 | Swamp:4  | jacquesderrida: на определенной улице либо режут, либо нет
 32204 | Swamp:4  | Iwannabefree: Могут сегодня не резать
 32210 | Swamp:4  | Iwannabefree: А завтра зарежут
 32225 | Swamp:4  | Iwannabefree: и ты пройдешь сегодня, а я завтра
 32257 | Swamp:4  | jacquesderrida: Да нихуя не могут внезапно завтра зарезать ради крови...
 32265 | Swamp:4  | Reached skill level 21 in Unarmed Combat
 32279 | Swamp:4  | Reached skill level 15 in Fighting
 32294 | Swamp:4  | Iwannabefree: Так не только ради крови могут зарезать
 32312 | Swamp:4  | Iwannabefree: деньги, мобила
 32330 | Swamp:4  | Iwannabefree: просто не понравился толпе
 32342 | Swamp:4  | jacquesderrida: Это и есть социальные обстоятельства
 32357 | Swamp:4  | Iwannabefree: гопников
 32408 | Swamp:4  | Got a decaying rune of Zot
 32431 | Swamp:4  | jacquesderrida: Гопников давно уже нет...
 32510 | Swamp:4  | Iwannabefree: Смотря кого считать гопниками
 32612 | Swamp:4  | jacquesderrida: Того, кто гопниками являются
 32625 | Swamp:4  | jacquesderrida: тех...
 32626 | Swamp:4  | Iwannabefree: Определение гопника в студию
 32629 | Swamp:4  | jacquesderrida: Загугли, ну...
 32730 | Swamp:4  | Iwannabefree: >Го́пники (также гопы́, гопари́, собирательно — гопота́[1], гопоте́нь, гопьё, гопна́, гопша́) — жаргонное слово русского языка, обозначающее представителей городской прослойки низкого социального статуса, малообразованной, агрессивно настроенной молодёжи (подростки), обладающей криминальными чертами поведения (реже близкой к криминальному миру), часто происходящей из неблагополучных семей[2][3][4], и объединяющейся по признакам контркультуры (неформальной субкультуры). Термин широко употребляется в России и странах бывшего СССР (с конца ХХ века[4]).
 32822 | Swamp:4  | Iwannabefree: Загуглил
 32898 | Swamp:4  | jacquesderrida: Найс
 33024 | Swamp:4  | jacquesderrida: Ну, и когда ты последний раз гопников в москве видел?
 33026 | Swamp:4  | Iwannabefree: Я не то чтобы по улицам хожу
 33027 | Swamp:4  | Iwannabefree: На вокзалах бывают частенько
 33027 | Swamp:4  | jacquesderrida: Бля..........
 33236 | Lair:2   | jacquesderrida: Сейчас интернет есть, уже не нужно на улицах собираться
 33266 | D:9      | jacquesderrida: Да и менты пиздят...
 33326 | D:11     | jacquesderrida: Пропали!
 33356 | D:11     | Iwannabefree: Сейчас меньше
 33363 | D:11     | Iwannabefree: Но есть
 33470 | D:14     | jacquesderrida: Затерялись на просторах мейлру
 33536 | Depths:1 | Entered Level 1 of the Depths
 33537 | Depths:1 | Iwannabefree: менты сами иногда являются гопниками
 33551 | Depths:1 | jacquesderrida: >иногда
 33581 | Depths:1 | jacquesderrida: :DDDD
 33600 | Depths:1 | jacquesderrida: Ебать, небир!
 33603 | Depths:1 | Iwannabefree: ЗАчастую
 33617 | Depths:1 | jacquesderrida: Ментов ты тоже давно не видел, видать
 33630 | Depths:1 | jacquesderrida: Вблизи
 33648 | Depths:1 | Iwannabefree: Ходят паками по метро
 33687 | Depths:1 | Iwannabefree: По 7-8 штук
 33832 | Depths:1 | Iwannabefree: Пока не доебывались, к счастью
 33836 | Depths:1 | jacquesderrida: Барсетки променяли на дубинки
 33871 | Depths:1 | Iwannabefree: адик на форму от юдашкина
 33891 | Depths:1 | Iwannabefree: На страже порядка, ёба!
 34013 | Depths:1 | Noticed a lich
 34031 | Depths:1 | Killed a lich
 34047 | Depths:1 | jacquesderrida: Сразу пелевина времен 00х хочется перечитать
 34047 | Depths:1 | Iwannabefree: Я пойду наверн
 34049 | Depths:1 | jacquesderrida: Атмосфера збс
 34049 | Depths:1 | Iwannabefree: Запизделся чот
 34057 | Depths:1 | Iwannabefree: Ноунейм хуй какой-то
 34057 | Depths:1 | Reached XP level 19. HP: 105/170 MP: 23/23
 34064 | Depths:1 | jacquesderrida: че...
 34104 | D:15     | Iwannabefree: Хотя это я далек от литературы
 34122 | D:15     | jacquesderrida: Ебать
 34129 | D:15     | Iwannabefree: Мне все кроме школьной программы ноунеймы
 34168 | D:15     | jacquesderrida: У пелевина вродь самые большие тиражи
 34186 | D:14     | Iwannabefree: И то из нее помню лишь имена
 34192 | D:14     | jacquesderrida: не из бульварщины
 34220 | D:14     | Iwannabefree: не читал нихуя!
 34220 | Vaults:1 | Entered Level 1 of the Vaults
 34221 | Vaults:1 | jacquesderrida: Потеть нада...
 34244 | D:14     | Iwannabefree: Когда был молодым
 34255 | D:14     | jacquesderrida: (на самом деле нет)
 34255 | D:14     | Iwannabefree: Еще в средней школе
 34257 | Vaults:1 | Iwannabefree: Читал много
 34267 | D:14     | Iwannabefree: фантастику в основном
 34275 | D:14     | jacquesderrida: А потом случился интернет.......
 34320 | D:14     | Iwannabefree: сталкеров разных начитал
 34322 | Vaults:1 | jacquesderrida: И небир пропал на просторах веб сайтов
 34323 | Vaults:1 | Iwannabefree: метро начал
 34323 | Vaults:1 | Iwannabefree: Потом купили пеку
 34324 | Vaults:1 | Iwannabefree: провели интернет
 34324 | Vaults:1 | jacquesderrida: :D
 34333 | Vaults:1 | Iwannabefree: торренты, первое аниме
 34341 | Vaults:1 | Iwannabefree: Потом нихуя
 34366 | Vaults:1 | jacquesderrida: Я думал щас старожилов назовешь
 34366 | Vaults:1 | Iwannabefree: Игры в основном
 34366 | Vaults:1 | jacquesderrida: а ты -- сталкира...
 34366 | Vaults:1 | Iwannabefree: Ну бля
 34380 | Vaults:1 | Iwannabefree: Игра была классная
 34408 | Vaults:1 | Iwannabefree: казалась такой
 34414 | Vaults:1 | Iwannabefree: пиздюку
 34420 | Vaults:1 | jacquesderrida: Кино тож збс...
 34446 | Vaults:1 | Iwannabefree: В разные ммо поиграл
 34447 | Vaults:1 | Iwannabefree: оче много
 34489 | Vaults:1 | Found a flickering gateway to a bazaar.
 34549 | Vaults:1 | Iwannabefree: потом ксочка с друганами
 34577 | Bazaar   | Entered a bazaar
 34595 | Bazaar   | Found Mycrer's Antique Weapon Shoppe.
 34596 | Bazaar   | jacquesderrida: Биография набира
 34596 | Bazaar   | Iwannabefree: ну и потом уже лурки и все с этим связанное
 34601 | Bazaar   | Found Daclih Vaew's Jewellery Shoppe.
 34607 | Bazaar   | Found Vydemop's Antique Weapon Shoppe.
 34614 | Bazaar   | Found Vehepu's Assorted Antiques.
 34622 | Bazaar   | Iwannabefree: По кино никогда не фанател
 34622 | Bazaar   | Iwannabefree: Пытался под влиянием начать
 34622 | Bazaar   | Iwannabefree: скучна
 34622 | Bazaar   | jacquesderrida: ЕБАТЬ ТЫ СКУЧНЫЙ!
 34622 | Bazaar   | Bought a scroll labeled UWNOLA HAPS for 42 gold pieces
 34622 | Bazaar   | Iwannabefree: Так и не посмотрел интерстеллар
 34622 | Bazaar   | Iwannabefree: хотя скачал около года назад
 34622 | Bazaar   | jacquesderrida: ГРЕМЛИН, ПОУШЕН КУПИ
 34622 | Bazaar   | Identified a scroll of acquirement
 34624 | Bazaar   | jacquesderrida: НАЙС
 34624 | Bazaar   | Iwannabefree: кокой поушен
 34624 | Bazaar   | jacquesderrida: Да стелар это так
 34624 | Bazaar   | jacquesderrida: Хуета
 34624 | Bazaar   | jacquesderrida: В смысле, путешествие...
 34624 | Bazaar   | Iwannabefree: Ну я фанател по физике
 34624 | Bazaar   | Iwannabefree: учитель был хороший
 34624 | Bazaar   | Iwannabefree: И сука не посмотрел
 34624 | Bazaar   | jacquesderrida: А на математику нахуя пошел?
 34624 | Bazaar   | Iwannabefree: Физика без будущего
 34625 | Bazaar   | Iwannabefree: ДА и берут на матан с РМФ
 34627 | Bazaar   | Got a scorched hat
 34638 | Bazaar   | Identified the +1 hat of the Komtur {*Drain rC+ Int+3} (You acquired it in a bazaar)
 34672 | Vaults:1 | jacquesderrida: Да один хуй, хоть физика, хоть математика, все равно дорога потом одна
 34683 | Vaults:1 | jacquesderrida: Если не продолжать
 34710 | Vaults:1 | Iwannabefree: не совсем
 34737 | Vaults:1 | jacquesderrida: Совсем...
 34737 | Vaults:1 | Iwannabefree: ну если не продолжать то да
 34737 | Vaults:1 | jacquesderrida: Погромировать дорога...
 34770 | Vaults:1 | Iwannabefree: но с матана развилок побольше
 34906 | Vaults:1 | jacquesderrida: Так тебе вродь в целом поебать?
 34936 | Vaults:1 | Iwannabefree: Так да
 34943 | Vaults:1 | jacquesderrida: Значит, погромировать
 34951 | Vaults:1 | Iwannabefree: но раз берут то почему бы и нет
 35012 | Vaults:1 | Noticed Aizul
 35043 | Vaults:1 | Killed Aizul
 35235 | Vaults:1 | Iwannabefree: Ну, я съебал
 35425 | Vaults:1 | jacquesderrida: Небир съебал
 35521 | Vaults:1 | Reached skill level 5 in Dodging
 35557 | Vaults:1 | Received a gift from Okawaru
 36235 | Vaults:2 | Reached skill level 22 in Unarmed Combat
 36744 | Vaults:2 | Found Huugij's Antique Armour Shoppe.
 36754 | Vaults:2 | Bought a bloodstained hat for 288 gold pieces
 36764 | Vaults:2 | Identified the +0 hat of Zywe {rCorr MP-9 Int+3 Dex+10} (You bought it in a shop on level 2 of the Vaults)
 37116 | Vaults:2 | Reached XP level 20. HP: 180/180 MP: 13/24
 37202 | Vaults:2 | Received a gift from Okawaru
 37638 | Vaults:3 | Found Zuipp's Weapon Boutique.
 38094 | Vaults:3 | Received a gift from Okawaru
 38152 | Vaults:3 | Got a crude buckler
 38446 | Vaults:3 | Found a staircase to the Crypt.
 39407 | Vaults:4 | Noticed DoubleRandomFirstGod's ghost (master HuGl)
 39445 | Vaults:4 | Killed DoubleRandomFirstGod's ghost
 39856 | Vaults:4 | Noticed Saint Roka
 39867 | Vaults:4 | HP: 9/182 [Saint Roka/divine providence (10)]
 39877 | Vaults:4 | HP: 7/183 [Saint Roka/divine providence (16)]
 40461 | Vaults:4 | Reached XP level 21. HP: 183/189 MP: 16/25
 40511 | Vaults:4 | Received a gift from Okawaru
 40520 | Vaults:4 | Reached skill level 15 in Shields
 40562 | Vaults:4 | Got a heavily runed crystal plate armour {god gift}
 40583 | Vaults:4 | Identified the +19 crystal plate armour "Jyxolik" {*Drain rPois Int+8} (Okawaru gifted it to you on level 4 of the Vaults)
 40649 | Vaults:4 | Killed from afar by a titan

Action                   |  1- 3 |  4- 6 |  7- 9 | 10-12 | 13-15 | 16-18 | 19-21 || total
-------------------------+-------+-------+-------+-------+-------+-------+-------++-------
Melee: Unarmed           |   111 |   304 |   540 |   859 |  1916 |  1818 |  1580 ||  7128
Invok: Heroism           |       |       |     4 |    12 |    20 |    17 |    14 ||    67
       Finesse           |       |       |       |       |     3 |     3 |     2 ||     8
Evoke: Wand              |       |       |     2 |       |     3 |     1 |     5 ||    11
  Use: Scroll            |       |    15 |     2 |    10 |     4 |     4 |    12 ||    47
       Potion            |       |       |       |       |     2 |     4 |     7 ||    13
 Stab: Confused          |       |       |       |       |       |     2 |       ||     2
  Eat: Chunk             |    12 |    23 |    56 |    98 |   328 |   200 |   173 ||   890
       Pizza             |       |       |       |     1 |       |       |       ||     1

Vault maps used:
D:1:      dpeg_arrival_caged_fury
D:2:      minmay_strange_pillars
D:3:      fiery_altar_vehumet, tgw_sif, uniq_iyjb, uniq_robin, uniq_natasha
D:4:      first_bread, serial_forest, infiniplex_forest_straight_5,
          infiniplex_forest_3_way, infiniplex_forest_end_2,
          infiniplex_forest_clump_double, infiniplex_forest_lined_room_3,
          infiniplex_forest_lined_3, infiniplex_forest_clump_double,
          serial_park_tiny_pond, minivault_19, moated_statue, minivault_27
D:5:      temple_green, gup_sewer_entry_pipe, serial_shops, shop, shop
D:6:      lemuel_zombie_altar_kikubaaqudgha
D:7:      good_gods_mini_temple
D:8:      marbit_many_paths, the_bakery, uniq_prince_ribbit1, uniq_erica
D:9:      tgw_xom, minmay_lair_entry_lava, david_orc_2,
          grunt_ashenzari_visionary
D:10:     forest_paths, hangedman_decor_peaks_small
D:11:     uniq_maurice
D:12:     eino_curves_01, minmay_tree_intersection, minivault_1,
          serial_bayou_lagoon_a, hex_tiny
D:13:     hive_lemuel, uniq_josephine
D:14:     david_vaults_3, kennysheep_nondescript, lightli_airlock
D:15:     grunt_enter_depths_snipers, uniq_agnes, uniq_louise, uniq_nessos
Temple:   circular_temple_12
Lair:2:   lemuel_centaur_altar, grunt_megastairs_3, serial_bayou_shore_b,
          lemuel_fruit_fields, uniq_gastronok
Lair:3:   nicolae_spider_entry_orb_guardian
Lair:4:   nicolae_quartered_pool_medium, serial_bayou_ford_a,
          serial_bayou_shore_b, lemuel_fruit_tree, infiniplex_staircase_pool,
          grunt_megastairs_2, lemuel_fruit_fields
Lair:5:   uniq_kirke
Lair:6:   minmay_swamp_entry_swarm, slime_altar_1
Lair:7:   st_stairs_11, lemuel_fruit_fields
Lair:8:   wormcave, hangedman_lair_in_review, basic_altar, minivault_29
Swamp:1:  nicolae_swamp_very_dense_foliage, swamp_pool5, uniq_nikola
Swamp:2:  evilmike_swamp_ruin_house_1, swamp_pool4, nicolae_swamp_stair_fork
Swamp:3:  evilmike_swamp_ruin_wall, swamp_pool5, hangedman_swamp_wriggling
Swamp:4:  swamp_alternative
Orc:1:    uniq_erolcha
Orc:2:    serial_shops, shop, enter_bailey_2
Orc:3:    nicolae_orc_pool_cavern, uniq_nergalle
Orc:4:    grunt_orc_community_town_hall, grunt_orc_community_big_house_1,
          grunt_orc_community_big_house_2, grunt_orc_community_house_1,
          grunt_orc_community_house_2, grunt_orc_community_house_2,
          grunt_orc_community_house_1, grunt_orc_community_house_1,
          grunt_orc_community_house_2, guppyfry_orc_lava_fort, uniq_azrael
Vaults:1: hangedman_vaults_snaps, hangedman_vaults_variations,
          grunt_vaults_twisty, vaults_room_grunt_arrival_ludios,
          grunt_vaults_hallway_long, v_misc_27, ontoclasm_vaults_fault,
          ontoclasm_vaults_shout, nicolae_vaults_big_angled_halls,
          vaults_dpeg_diagonal, vaults_room_door_ring, serial_shops,
          bzr_entry_islet, uniq_aizul
Vaults:2: hangedman_vaults_restitches, nicolae_vaults_circle_grid_a,
          vaults_dpeg_ring, nicolae_vaults_border_crossing, v_misc_10,
          v_misc_15, grunt_vaults_hallway_short, ontoclasm_vaults_ring_small,
          nicolae_vaults_little_squares_1, vaults_room_pools, v_pattern_4,
          serial_shops, shop
Vaults:3: blue_anna_dwarven_crypt, ontoclasm_vaults_decontamination, v_misc_23,
          nicolae_vaults_big_ls, ontoclasm_vaults_hangar, vaults_room_fours,
          v_misc_26, nicolae_vaults_ring_of_whatevers, serial_shops, shop
Vaults:4: v_misc_25, v_rooms_4, ontoclasm_vaults_loading_screen,
          st_greater_box_4, hangedman_vaults_maws,
          nicolae_vaults_little_squares_5, nicolae_vaults_ninety_degrees,
          v_pattern_5, nicolae_vaults_triangles, v_misc_29, serial_ice_g,
          ontoclasm_vaults_loading_screen, uniq_saint_roka, uniq_sojobo
Depths:1: dk_noncrumbling_4, hellmouth_1, hex_large, nrook_kobold_shadow_demons
Bazaar:   bazaar_kb_twisted_cavern
Sewer:    sewer_minmay_w
Bailey:   bailey_polearm_flooded_kennysheep, bailey
